[ PARTIDA AOE2 · #476397238 ]
Team RMTurcos vs Hindustanis
[ ANÁLISIS DE REPETICIÓN · EXTRAÍDO DE LA PARTIDA GRABADA ]
Feudal
11:26
Castillos
14:58
Imperial
30:06
| APM promedio | 22.7 |
| APM pico | 47 |
| eAPM promedio | 13.7 |
| Aldeanos / militares | 95 / 64 |
Foco
⚔️ 23.2% · 🌾 76.8%
Janissary ×38 · Camel Scout ×15 · Bombard Cannon ×11
Feudal
10:08
Castillos
18:58
Imperial
38:08
| APM promedio | 20.8 |
| APM pico | 69 |
| eAPM promedio | 13.7 |
| Aldeanos / militares | 105 / 171 |
Foco
⚔️ 41.2% · 🌾 58.8%
Ghulam ×98 · Spearman ×73
Feudal
10:32
Castillos
14:02
Imperial
31:21
| APM promedio | 21.6 |
| APM pico | 51 |
| eAPM promedio | 13.8 |
| Aldeanos / militares | 108 / 91 |
Foco
⚔️ 30.9% · 🌾 69.1%
Skirmisher ×42 · Longbowman ×28 · Knight ×8 · Trebuchet (Packed) ×5 · Archer ×4 · Mangonel ×2
Feudal
11:56
Castillos
16:24
Imperial
41:05
| APM promedio | 29.0 |
| APM pico | 70 |
| eAPM promedio | 18.9 |
| Aldeanos / militares | 124 / 141 |
Foco
⚔️ 34.5% · 🌾 65.5%
Knight ×84 · Cavalry Archer ×57
Feudal
11:03
Castillos
14:35
Imperial
33:26
| APM promedio | 28.8 |
| APM pico | 71 |
| eAPM promedio | 16.5 |
| Aldeanos / militares | 84 / 86 |
Foco
⚔️ 28.0% · 🌾 72.0%
Samurai ×63 · Battering Ram ×10 · Trebuchet (Packed) ×7 · Monk ×4 · Mangonel ×2
Feudal
10:25
Castillos
15:12
Imperial
—
| APM promedio | 35.4 |
| APM pico | 78 |
| eAPM promedio | 18.5 |
| Aldeanos / militares | 115 / 17 |
Foco
⚔️ 18.4% · 🌾 81.6%
Camel Scout ×6 · Mangonel ×5 · Armored Elephant ×4 · Monk ×2
Feudal
11:16
Castillos
14:47
Imperial
32:22
| APM promedio | 22.9 |
| APM pico | 66 |
| eAPM promedio | 14.2 |
| Aldeanos / militares | 127 / 134 |
Foco
⚔️ 23.2% · 🌾 76.8%
Mameluke ×67 · Scout Cavalry ×63 · Trebuchet (Packed) ×4
Feudal
—
Castillos
—
Imperial
—
| APM promedio | 21.6 |
| APM pico | 46 |
| eAPM promedio | 18.0 |
| Aldeanos / militares | 125 / 154 |
Foco
⚔️ 25.5% · 🌾 74.5%
Knight ×154 · Trade Cart ×15
Mapa de la partida
Recursos iniciales + cada clic de construcción. Líneas = muros · curvas = relieve. ◆ oro · ⬟ piedra · ● bayas · ✦ reliquia · ◌ hueco del cierre
Tu base· ✓ Cerrada en 14:58 · 0t muro · 2 puerta(s)
Base de SINAPODO· ✓ Cerrada en 18:58 · 0t muro · 2 puerta(s)
Base de CTM | EnanaAtomica· ✓ Cerrada en 14:02 · 0t muro · 2 puerta(s)
Base de 我有低保我先上· ✓ Cerrada en 16:24 · 0t muro · 2 puerta(s)
Base de Hasper· ✓ Cerrada en 14:35 · 3t muro · 5 puerta(s)
Base de LujuriosaPeliroja· ✓ Cerrada en 15:12 · 0t muro · 3 puerta(s)
Base de BuenaOnda· ✓ Cerrada en 14:47 · 0t muro · 2 puerta(s)
Base de LGZ Panclu· ✓ Cerrada en 13:55 · 0t muro · 2 puerta(s)
Terreno inicial suavizado · ◌ = hueco del cierre detectado · pasá el cursor para detalles
Inputs por minuto
— Araco33 - - SINAPODO
Build order — Araco33
Primeras 150 de 258 acciones detectadas
| 0:00 | Crear | Villager (Male) |
| 0:01 | Crear | Villager (Male) |
| 0:01 | Crear | Villager (Male) |
| 0:01 | Crear | Villager (Male) |
| 0:04 | Construir | House |
| 0:07 | Construir | House |
| 1:30 | Crear | Villager (Male) |
| 1:48 | Construir | Lumber Camp |
| 2:02 | Crear | Villager (Male) |
| 2:29 | Crear | Villager (Male) |
| 2:57 | Crear | Villager (Male) |
| 3:07 | Construir | House |
| 3:18 | Crear | Villager (Male) |
| 3:41 | Crear | Villager (Male) |
| 4:02 | Crear | Villager (Male) |
| 4:34 | Crear | Villager (Male) |
| 4:45 | Construir | Mill |
| 5:03 | Crear | Villager (Male) |
| 5:11 | Crear | Villager (Male) |
| 5:40 | Crear | Villager (Male) |
| 5:56 | Construir | House |
| 6:14 | Crear | Villager (Male) |
| 6:42 | Crear | Villager (Male) |
| 6:52 | Construir | Mining Camp |
| 6:54 | Crear | Villager (Male) |
| 7:20 | Crear | Villager (Male) |
| 7:41 | Crear | Villager (Male) |
| 7:59 | Construir | Mill |
| 8:19 | Crear | Villager (Male) |
| 8:27 | Construir | House |
| 8:48 | Crear | Villager (Male) |
| 9:02 | Investigar | Feudal Age |
| 11:26 | Edad | Edad Feudal |
| 11:29 | Construir | Market |
| 11:38 | Construir | Blacksmith |
| 12:18 | Investigar | Castle Age |
| 12:22 | Investigar | Town Watch |
| 12:53 | Investigar | Double-Bit Axe |
| 13:23 | Construir | House |
| 13:26 | Construir | House |
| 13:40 | Investigar | Horse Collar |
| 14:08 | Investigar | Gold Mining |
| 14:15 | Investigar | Loom |
| 14:30 | Construir | Farm |
| 14:58 | Edad | Edad de los Castillos |
| 15:01 | Construir | Town Center |
| 15:08 | Crear | Villager (Male) |
| 15:30 | Crear | Villager (Male) |
| 15:40 | Construir | Farm |
| 15:40 | Construir | Farm |
| 15:41 | Construir | Farm |
| 15:52 | Investigar | Wheelbarrow |
| 16:05 | Crear | Villager (Male) |
| 16:28 | Crear | Villager (Male) |
| 16:37 | Construir | Barracks |
| 17:22 | Construir | Farm |
| 17:23 | Construir | Farm |
| 17:24 | Construir | Farm |
| 17:28 | Construir | Farm |
| 17:29 | Construir | Farm |
| 17:37 | Crear | Villager (Male) |
| 17:56 | Crear | Villager (Male) |
| 18:08 | Construir | Farm |
| 18:12 | Construir | Farm |
| 18:31 | Construir | Farm |
| 18:34 | Crear | Villager (Male) |
| 18:35 | Crear | Villager (Male) |
| 19:01 | Construir | Farm |
| 19:04 | Construir | Farm |
| 19:06 | Crear | Villager (Male) |
| 19:09 | Crear | Villager (Male) |
| 19:18 | Crear | Villager (Male) |
| 19:37 | Construir | Farm |
| 19:41 | Crear | Villager (Male) |
| 19:57 | Crear | Villager (Male) |
| 19:58 | Crear | Villager (Male) |
| 20:14 | Crear | Villager (Male) |
| 20:14 | Crear | Villager (Male) |
| 20:28 | Construir | Farm |
| 20:37 | Investigar | Town Watch |
| 20:45 | Construir | Castle |
| 20:47 | Crear | Villager (Male) |
| 20:49 | Crear | Villager (Male) |
| 20:54 | Construir | Farm |
| 21:11 | Construir | Stable |
| 21:11 | Crear | Villager (Male) |
| 21:12 | Crear | Villager (Male) |
| 21:23 | Crear | Villager (Male) |
| 21:24 | Crear | Villager (Male) |
| 21:35 | Construir | House |
| 21:36 | Crear | Villager (Male) |
| 21:58 | Construir | Farm |
| 22:05 | Construir | Lumber Camp |
| 23:04 | Crear | Camel Scout |
| 23:04 | Crear | Camel Scout |
| 23:11 | Construir | Farm |
| 23:11 | Construir | Farm |
| 23:13 | Crear | Villager (Male) |
| 23:13 | Crear | Villager (Male) |
| 23:14 | Crear | Villager (Male) |
| 23:25 | Crear | Janissary |
| 23:25 | Crear | Janissary |
| 23:44 | Investigar | Bow Saw |
| 23:48 | Construir | Farm |
| 23:50 | Crear | Villager (Male) |
| 23:51 | Crear | Villager (Male) |
| 23:54 | Crear | Villager (Male) |
| 23:58 | Crear | Janissary |
| 24:05 | Investigar | Bloodlines |
| 24:18 | Construir | Farm |
| 24:18 | Construir | Farm |
| 24:18 | Construir | Farm |
| 24:20 | Construir | Farm |
| 24:22 | Crear | Villager (Male) |
| 24:22 | Crear | Villager (Male) |
| 24:33 | Crear | Janissary |
| 24:46 | Construir | University |
| 24:54 | Crear | Villager (Male) |
| 24:54 | Crear | Villager (Male) |
| 25:17 | Construir | Farm |
| 25:18 | Construir | Farm |
| 25:31 | Construir | Farm |
| 25:31 | Construir | Farm |
| 25:31 | Construir | Farm |
| 25:32 | Construir | Farm |
| 25:32 | Construir | Farm |
| 25:48 | Crear | Janissary |
| 25:48 | Crear | Janissary |
| 26:01 | Investigar | Ballistics |
| 26:51 | Crear | Villager (Male) |
| 26:51 | Crear | Villager (Male) |
| 26:51 | Crear | Villager (Male) |
| 26:56 | Investigar | Imperial Age |
| 27:08 | Construir | Stone Wall |
| 27:20 | Construir | House |
| 27:29 | Construir | House |
| 27:31 | Crear | Villager (Male) |
| 27:32 | Crear | Villager (Male) |
| 27:37 | Construir | House |
| 27:39 | Construir | House |
| 27:45 | Construir | Mining Camp |
| 27:46 | Crear | Villager (Male) |
| 27:58 | Crear | Janissary |
| 27:58 | Crear | Janissary |
| 28:04 | Construir | Siege Workshop |
| 28:17 | Crear | Janissary |
| 28:41 | Construir | Stable |
| 28:43 | Crear | Janissary |
| 28:44 | Crear | Janissary |
| 28:53 | Construir | Farm |
Build order — SINAPODO
Primeras 150 de 414 acciones detectadas
| 0:03 | Crear | Villager (Male) |
| 0:03 | Crear | Villager (Male) |
| 0:03 | Crear | Villager (Male) |
| 0:04 | Construir | House |
| 0:06 | Construir | House |
| 0:16 | Crear | Villager (Male) |
| 0:16 | Crear | Villager (Male) |
| 0:16 | Crear | Villager (Male) |
| 1:24 | Crear | Villager (Male) |
| 1:25 | Crear | Villager (Male) |
| 1:39 | Crear | Villager (Male) |
| 1:39 | Crear | Villager (Male) |
| 1:39 | Crear | Villager (Male) |
| 1:47 | Construir | House |
| 1:48 | Construir | House |
| 1:58 | Crear | Villager (Male) |
| 2:40 | Crear | Villager (Male) |
| 2:40 | Crear | Villager (Male) |
| 2:40 | Crear | Villager (Male) |
| 3:00 | Crear | Villager (Male) |
| 3:01 | Crear | Villager (Male) |
| 3:01 | Crear | Villager (Male) |
| 3:10 | Construir | Lumber Camp |
| 3:32 | Crear | Villager (Male) |
| 3:32 | Crear | Villager (Male) |
| 3:54 | Crear | Villager (Male) |
| 3:54 | Crear | Villager (Male) |
| 4:08 | Crear | Villager (Male) |
| 4:08 | Crear | Villager (Male) |
| 4:37 | Crear | Villager (Male) |
| 4:37 | Crear | Villager (Male) |
| 4:37 | Crear | Villager (Male) |
| 4:37 | Crear | Villager (Male) |
| 5:34 | Crear | Villager (Male) |
| 5:35 | Crear | Villager (Male) |
| 5:35 | Crear | Villager (Male) |
| 5:35 | Crear | Villager (Male) |
| 5:35 | Crear | Villager (Male) |
| 5:36 | Crear | Villager (Male) |
| 6:28 | Construir | Mill |
| 7:09 | Construir | House |
| 7:11 | Construir | House |
| 7:17 | Construir | House |
| 7:20 | Crear | Villager (Male) |
| 7:52 | Investigar | Feudal Age |
| 8:44 | Construir | Mining Camp |
| 9:07 | Crear | Villager (Male) |
| 9:07 | Crear | Villager (Male) |
| 10:08 | Edad | Edad Feudal |
| 10:08 | Investigar | Double-Bit Axe |
| 10:09 | Investigar | Double-Bit Axe |
| 10:09 | Investigar | Horse Collar |
| 10:10 | Investigar | Horse Collar |
| 10:10 | Investigar | Horse Collar |
| 10:18 | Construir | Market |
| 10:38 | Crear | Villager (Male) |
| 10:38 | Crear | Villager (Male) |
| 10:43 | Crear | Villager (Male) |
| 10:47 | Construir | Blacksmith |
| 11:07 | Construir | Farm |
| 11:25 | Construir | Mining Camp |
| 11:29 | Crear | Villager (Male) |
| 11:38 | Construir | House |
| 11:40 | Construir | House |
| 11:56 | Crear | Villager (Male) |
| 12:51 | Construir | Farm |
| 12:51 | Construir | Farm |
| 12:51 | Construir | Farm |
| 12:52 | Construir | Farm |
| 12:53 | Construir | Farm |
| 12:54 | Construir | Farm |
| 12:56 | Construir | Farm |
| 13:03 | Crear | Villager (Male) |
| 13:18 | Construir | Farm |
| 13:22 | Construir | Farm |
| 13:26 | Crear | Villager (Male) |
| 13:35 | Construir | Farm |
| 13:51 | Crear | Villager (Male) |
| 13:57 | Construir | Farm |
| 13:58 | Crear | Villager (Male) |
| 14:10 | Construir | Farm |
| 14:18 | Crear | Villager (Male) |
| 14:57 | Crear | Villager (Male) |
| 15:23 | Construir | Farm |
| 15:24 | Construir | Farm |
| 15:24 | Construir | Farm |
| 15:29 | Crear | Villager (Male) |
| 16:18 | Investigar | Castle Age |
| 16:18 | Investigar | Castle Age |
| 16:47 | Construir | House |
| 16:49 | Construir | House |
| 16:51 | Construir | House |
| 16:52 | Construir | House |
| 16:54 | Construir | House |
| 17:42 | Construir | Farm |
| 18:03 | Crear | Villager (Male) |
| 18:58 | Edad | Edad de los Castillos |
| 19:02 | Construir | Castle |
| 19:15 | Crear | Villager (Male) |
| 19:15 | Crear | Villager (Male) |
| 19:24 | Construir | House |
| 19:29 | Construir | House |
| 20:19 | Crear | Ghulam |
| 20:20 | Crear | Ghulam |
| 20:20 | Crear | Ghulam |
| 20:20 | Crear | Ghulam |
| 20:20 | Crear | Ghulam |
| 20:27 | Crear | Villager (Male) |
| 20:27 | Crear | Villager (Male) |
| 20:29 | Crear | Ghulam |
| 20:29 | Crear | Ghulam |
| 20:30 | Crear | Ghulam |
| 20:37 | Construir | Gate |
| 20:49 | Crear | Ghulam |
| 20:54 | Crear | Villager (Male) |
| 21:01 | Construir | Town Center |
| 21:14 | Construir | Barracks |
| 21:16 | Construir | Barracks |
| 21:23 | Crear | Ghulam |
| 21:28 | Investigar | Scale Mail Armor |
| 21:28 | Investigar | Forging |
| 21:34 | Construir | House |
| 21:40 | Crear | Villager (Male) |
| 21:40 | Crear | Villager (Male) |
| 21:45 | Investigar | Pikeman (upgrade) |
| 21:58 | Crear | Spearman |
| 21:59 | Crear | Spearman |
| 21:59 | Crear | Spearman |
| 21:59 | Crear | Spearman |
| 21:59 | Crear | Spearman |
| 22:00 | Crear | Spearman |
| 22:00 | Crear | Spearman |
| 22:00 | Crear | Spearman |
| 22:00 | Crear | Spearman |
| 22:00 | Crear | Spearman |
| 22:01 | Crear | Spearman |
| 22:22 | Crear | Villager (Male) |
| 22:22 | Crear | Villager (Male) |
| 22:26 | Construir | Farm |
| 22:26 | Construir | Farm |
| 22:27 | Construir | Farm |
| 22:27 | Construir | Farm |
| 22:42 | Crear | Villager (Male) |
| 22:43 | Crear | Villager (Male) |
| 22:49 | Crear | Spearman |
| 22:49 | Crear | Spearman |
| 22:55 | Crear | Ghulam |
| 22:55 | Crear | Ghulam |
| 22:55 | Crear | Ghulam |
| 22:55 | Crear | Ghulam |
Build order — CTM | EnanaAtomica
Primeras 150 de 305 acciones detectadas
| 0:02 | Crear | Villager (Male) |
| 0:02 | Crear | Villager (Male) |
| 0:02 | Crear | Villager (Male) |
| 0:02 | Crear | Villager (Male) |
| 0:04 | Construir | House |
| 0:05 | Construir | House |
| 1:11 | Crear | Villager (Male) |
| 1:11 | Crear | Villager (Male) |
| 1:24 | Construir | Lumber Camp |
| 1:38 | Crear | Villager (Male) |
| 2:13 | Crear | Villager (Male) |
| 2:35 | Crear | Villager (Male) |
| 2:35 | Crear | Villager (Male) |
| 3:10 | Crear | Villager (Male) |
| 3:15 | Crear | Villager (Male) |
| 3:36 | Crear | Villager (Male) |
| 3:51 | Construir | House |
| 4:08 | Crear | Villager (Male) |
| 4:25 | Crear | Villager (Male) |
| 4:47 | Crear | Villager (Male) |
| 5:04 | Construir | Mill |
| 5:09 | Construir | Mill |
| 5:11 | Crear | Villager (Male) |
| 5:16 | Construir | House |
| 5:42 | Crear | Villager (Male) |
| 6:03 | Construir | Mill |
| 6:15 | Crear | Villager (Male) |
| 6:28 | Crear | Villager (Male) |
| 6:48 | Crear | Villager (Male) |
| 6:48 | Crear | Villager (Male) |
| 7:37 | Construir | Mining Camp |
| 8:15 | Investigar | Feudal Age |
| 8:32 | Crear | Villager (Male) |
| 8:33 | Investigar | Loom |
| 10:32 | Edad | Edad Feudal |
| 10:36 | Construir | Blacksmith |
| 10:43 | Construir | Market |
| 11:22 | Investigar | Castle Age |
| 11:22 | Investigar | Castle Age |
| 11:35 | Investigar | Double-Bit Axe |
| 13:22 | Construir | Barracks |
| 13:31 | Construir | Barracks |
| 13:36 | Crear | Villager (Male) |
| 13:37 | Crear | Villager (Male) |
| 14:02 | Edad | Edad de los Castillos |
| 14:05 | Construir | Town Center |
| 14:08 | Construir | House |
| 14:14 | Crear | Villager (Male) |
| 14:14 | Crear | Villager (Male) |
| 14:27 | Construir | Stable |
| 15:09 | Construir | House |
| 15:22 | Crear | Knight |
| 15:22 | Crear | Knight |
| 15:23 | Crear | Knight |
| 15:23 | Crear | Knight |
| 15:24 | Crear | Knight |
| 15:27 | Construir | House |
| 15:35 | Construir | Farm |
| 15:46 | Crear | Villager (Male) |
| 15:58 | Construir | House |
| 16:22 | Crear | Villager (Male) |
| 16:22 | Crear | Villager (Male) |
| 16:22 | Crear | Villager (Male) |
| 16:26 | Construir | Farm |
| 16:26 | Construir | Farm |
| 16:29 | Construir | Farm |
| 16:34 | Construir | Farm |
| 17:04 | Construir | Farm |
| 17:11 | Construir | Farm |
| 17:13 | Construir | Farm |
| 17:17 | Construir | Farm |
| 17:20 | Construir | Farm |
| 17:26 | Construir | Farm |
| 17:49 | Crear | Villager (Male) |
| 17:49 | Crear | Villager (Male) |
| 17:55 | Construir | Farm |
| 18:01 | Crear | Villager (Male) |
| 18:01 | Crear | Villager (Male) |
| 18:01 | Crear | Villager (Male) |
| 18:16 | Construir | Town Center |
| 18:19 | Crear | Villager (Male) |
| 18:23 | Crear | Villager (Male) |
| 18:23 | Crear | Villager (Male) |
| 18:30 | Crear | Villager (Male) |
| 18:49 | Construir | Archery Range |
| 18:52 | Crear | Villager (Male) |
| 19:01 | Crear | Villager (Male) |
| 19:48 | Crear | Knight |
| 19:48 | Crear | Knight |
| 19:49 | Crear | Villager (Male) |
| 19:53 | Construir | Farm |
| 19:54 | Construir | Farm |
| 19:55 | Construir | Farm |
| 19:57 | Construir | Farm |
| 20:14 | Crear | Villager (Male) |
| 20:14 | Crear | Villager (Male) |
| 20:27 | Construir | Farm |
| 20:28 | Construir | Farm |
| 20:43 | Investigar | Fletching |
| 21:18 | Crear | Villager (Male) |
| 21:21 | Construir | House |
| 21:26 | Construir | House |
| 21:27 | Construir | House |
| 21:44 | Crear | Villager (Male) |
| 21:44 | Crear | Villager (Male) |
| 21:54 | Construir | Siege Workshop |
| 22:26 | Crear | Villager (Male) |
| 22:26 | Crear | Villager (Male) |
| 22:27 | Crear | Villager (Male) |
| 22:28 | Crear | Villager (Male) |
| 22:32 | Construir | Mining Camp |
| 22:33 | Crear | Villager (Male) |
| 22:36 | Construir | House |
| 22:37 | Construir | House |
| 22:41 | Crear | Battering Ram |
| 22:41 | Crear | Battering Ram |
| 22:53 | Construir | Farm |
| 22:57 | Crear | Villager (Male) |
| 22:58 | Crear | Villager (Male) |
| 22:58 | Crear | Villager (Male) |
| 23:22 | Crear | Villager (Male) |
| 23:22 | Crear | Villager (Male) |
| 23:27 | Construir | Farm |
| 23:29 | Construir | Farm |
| 23:32 | Construir | Farm |
| 23:34 | Crear | Villager (Male) |
| 23:34 | Crear | Villager (Male) |
| 23:35 | Crear | Villager (Male) |
| 23:37 | Investigar | Horse Collar |
| 23:54 | Crear | Villager (Male) |
| 23:54 | Crear | Villager (Male) |
| 23:55 | Crear | Villager (Male) |
| 23:58 | Construir | Farm |
| 24:45 | Crear | Villager (Male) |
| 24:46 | Crear | Villager (Male) |
| 24:48 | Construir | Farm |
| 24:49 | Construir | Farm |
| 24:52 | Construir | Farm |
| 24:54 | Construir | Farm |
| 24:57 | Crear | Villager (Male) |
| 24:57 | Crear | Villager (Male) |
| 24:59 | Construir | Farm |
| 25:01 | Construir | Farm |
| 25:03 | Construir | Farm |
| 25:06 | Construir | Farm |
| 25:24 | Crear | Villager (Male) |
| 25:27 | Construir | House |
| 25:28 | Construir | House |
| 26:24 | Construir | University |
| 26:30 | Crear | Villager (Male) |
Build order — 我有低保我先上
Primeras 150 de 407 acciones detectadas
| 0:02 | Crear | Villager (Male) |
| 0:02 | Crear | Villager (Male) |
| 0:02 | Crear | Villager (Male) |
| 0:02 | Crear | Villager (Male) |
| 0:02 | Crear | Villager (Male) |
| 0:03 | Crear | Villager (Male) |
| 0:03 | Crear | Villager (Male) |
| 1:21 | Crear | Villager (Male) |
| 1:21 | Crear | Villager (Male) |
| 1:40 | Crear | Villager (Male) |
| 1:41 | Crear | Villager (Male) |
| 1:55 | Construir | Lumber Camp |
| 3:06 | Crear | Villager (Male) |
| 3:06 | Crear | Villager (Male) |
| 3:07 | Crear | Villager (Male) |
| 3:07 | Crear | Villager (Male) |
| 4:04 | Crear | Villager (Male) |
| 4:05 | Crear | Villager (Male) |
| 4:31 | Construir | Mill |
| 4:32 | Crear | Villager (Male) |
| 5:17 | Crear | Villager (Male) |
| 5:17 | Crear | Villager (Male) |
| 5:17 | Crear | Villager (Male) |
| 5:28 | Crear | Villager (Male) |
| 5:28 | Crear | Villager (Male) |
| 5:28 | Crear | Villager (Male) |
| 5:30 | Crear | Villager (Male) |
| 6:04 | Crear | Villager (Male) |
| 6:04 | Crear | Villager (Male) |
| 6:28 | Construir | Mill |
| 6:47 | Crear | Villager (Male) |
| 6:50 | Crear | Villager (Male) |
| 7:55 | Crear | Villager (Male) |
| 7:57 | Crear | Villager (Male) |
| 9:28 | Construir | Mining Camp |
| 9:39 | Investigar | Feudal Age |
| 9:40 | Investigar | Feudal Age |
| 9:42 | Crear | Villager (Male) |
| 10:30 | Crear | Villager (Male) |
| 10:54 | Construir | Farm |
| 10:59 | Construir | Farm |
| 11:17 | Construir | Farm |
| 11:56 | Edad | Edad Feudal |
| 12:20 | Construir | Blacksmith |
| 12:36 | Construir | Market |
| 12:48 | Construir | Market |
| 12:53 | Crear | Villager (Male) |
| 12:55 | Crear | Villager (Male) |
| 13:44 | Investigar | Castle Age |
| 13:44 | Investigar | Castle Age |
| 13:47 | Investigar | Horse Collar |
| 13:48 | Investigar | Horse Collar |
| 14:10 | Construir | Farm |
| 14:11 | Construir | Farm |
| 14:12 | Construir | Farm |
| 14:13 | Construir | Farm |
| 14:17 | Construir | Farm |
| 14:48 | Construir | Farm |
| 14:52 | Construir | Farm |
| 14:55 | Crear | Villager (Male) |
| 14:57 | Crear | Villager (Male) |
| 14:59 | Investigar | Double-Bit Axe |
| 15:03 | Investigar | Gold Mining |
| 15:03 | Investigar | Gold Mining |
| 15:08 | Construir | Farm |
| 15:38 | Construir | Barracks |
| 16:04 | Construir | Lumber Camp |
| 16:24 | Edad | Edad de los Castillos |
| 16:53 | Crear | Villager (Male) |
| 17:04 | Crear | Villager (Male) |
| 17:24 | Construir | Town Center |
| 17:50 | Crear | Villager (Male) |
| 17:57 | Investigar | Scale Barding Armor |
| 18:08 | Construir | Stable |
| 18:13 | Crear | Villager (Male) |
| 18:44 | Construir | Farm |
| 18:46 | Construir | Farm |
| 18:57 | Construir | Stable |
| 19:10 | Crear | Villager (Male) |
| 19:12 | Crear | Villager (Male) |
| 19:16 | Investigar | Wheelbarrow |
| 19:17 | Investigar | Wheelbarrow |
| 19:19 | Crear | Knight |
| 19:19 | Crear | Knight |
| 19:19 | Crear | Knight |
| 19:20 | Crear | Knight |
| 19:20 | Crear | Knight |
| 19:38 | Crear | Villager (Male) |
| 19:40 | Crear | Villager (Male) |
| 19:51 | Crear | Villager (Male) |
| 19:55 | Crear | Villager (Male) |
| 20:11 | Construir | Town Center |
| 20:20 | Crear | Knight |
| 20:21 | Crear | Knight |
| 20:21 | Crear | Knight |
| 20:21 | Crear | Knight |
| 20:21 | Crear | Knight |
| 20:27 | Crear | Knight |
| 20:37 | Investigar | Bow Saw |
| 20:37 | Investigar | Bow Saw |
| 20:39 | Investigar | Stone Mining |
| 20:43 | Crear | Villager (Male) |
| 20:50 | Crear | Villager (Male) |
| 20:50 | Crear | Villager (Male) |
| 20:50 | Crear | Villager (Male) |
| 21:00 | Crear | Knight |
| 21:45 | Crear | Villager (Male) |
| 21:46 | Crear | Villager (Male) |
| 21:51 | Crear | Villager (Male) |
| 21:54 | Crear | Villager (Male) |
| 21:55 | Crear | Villager (Male) |
| 22:08 | Construir | Farm |
| 22:09 | Construir | Farm |
| 22:10 | Construir | Farm |
| 22:12 | Construir | Farm |
| 22:14 | Construir | Farm |
| 22:16 | Construir | Farm |
| 22:20 | Crear | Villager (Male) |
| 22:21 | Crear | Villager (Male) |
| 22:24 | Construir | Farm |
| 22:26 | Construir | Farm |
| 22:45 | Crear | Knight |
| 22:45 | Crear | Knight |
| 22:45 | Crear | Knight |
| 22:46 | Crear | Knight |
| 23:00 | Construir | Farm |
| 23:03 | Construir | Farm |
| 23:04 | Construir | Farm |
| 23:05 | Crear | Villager (Male) |
| 23:09 | Crear | Villager (Male) |
| 23:09 | Crear | Villager (Male) |
| 23:13 | Crear | Villager (Male) |
| 23:13 | Crear | Villager (Male) |
| 23:14 | Crear | Villager (Male) |
| 23:15 | Crear | Villager (Male) |
| 23:17 | Construir | Farm |
| 23:19 | Construir | Farm |
| 23:58 | Crear | Knight |
| 23:58 | Crear | Knight |
| 23:59 | Crear | Knight |
| 23:59 | Crear | Knight |
| 23:59 | Crear | Knight |
| 24:02 | Crear | Villager (Male) |
| 24:37 | Crear | Knight |
| 24:38 | Crear | Knight |
| 24:38 | Crear | Knight |
| 24:38 | Crear | Knight |
| 24:38 | Crear | Knight |
| 24:39 | Crear | Knight |
| 25:04 | Crear | Knight |
Build order — Hasper
Primeras 150 de 296 acciones detectadas
| 0:01 | Crear | Villager (Male) |
| 0:02 | Crear | Villager (Male) |
| 0:03 | Construir | House |
| 0:04 | Construir | House |
| 0:05 | Crear | Villager (Male) |
| 0:05 | Crear | Villager (Male) |
| 1:25 | Crear | Villager (Male) |
| 1:56 | Crear | Villager (Male) |
| 2:19 | Construir | Lumber Camp |
| 2:30 | Crear | Villager (Male) |
| 2:30 | Crear | Villager (Male) |
| 2:54 | Crear | Villager (Male) |
| 3:28 | Crear | Villager (Male) |
| 4:08 | Crear | Villager (Male) |
| 4:08 | Crear | Villager (Male) |
| 4:17 | Construir | House |
| 4:29 | Crear | Villager (Male) |
| 4:46 | Construir | House |
| 5:33 | Crear | Villager (Male) |
| 5:33 | Crear | Villager (Male) |
| 6:06 | Construir | Mill |
| 6:17 | Crear | Villager (Male) |
| 6:17 | Crear | Villager (Male) |
| 6:39 | Crear | Villager (Male) |
| 6:39 | Crear | Villager (Male) |
| 6:50 | Construir | Mill |
| 7:00 | Construir | Palisade Gate |
| 7:11 | Construir | Palisade Wall |
| 7:12 | Construir | Palisade Wall |
| 7:13 | Crear | Villager (Male) |
| 7:27 | Construir | Palisade Gate |
| 7:28 | Crear | Villager (Male) |
| 7:28 | Crear | Villager (Male) |
| 7:30 | Construir | Palisade Wall |
| 7:31 | Crear | Villager (Male) |
| 7:31 | Crear | Villager (Male) |
| 7:52 | Construir | Palisade Gate |
| 8:28 | Investigar | Feudal Age |
| 8:33 | Construir | Mining Camp |
| 8:36 | Construir | Farm |
| 8:40 | Construir | Farm |
| 8:43 | Construir | Farm |
| 8:59 | Construir | House |
| 9:23 | Crear | Villager (Male) |
| 9:23 | Crear | Villager (Male) |
| 11:03 | Edad | Edad Feudal |
| 11:06 | Construir | Market |
| 11:09 | Construir | Blacksmith |
| 11:55 | Investigar | Castle Age |
| 12:13 | Construir | Lumber Camp |
| 12:40 | Construir | Barracks |
| 12:43 | Construir | House |
| 12:53 | Investigar | Double-Bit Axe |
| 12:59 | Investigar | Gold Mining |
| 13:01 | Construir | Farm |
| 13:15 | Construir | Farm |
| 13:24 | Crear | Villager (Male) |
| 13:25 | Crear | Villager (Male) |
| 14:25 | Construir | Mining Camp |
| 14:35 | Edad | Edad de los Castillos |
| 14:41 | Construir | Siege Workshop |
| 14:51 | Crear | Villager (Male) |
| 14:51 | Crear | Villager (Male) |
| 15:11 | Investigar | Stone Mining |
| 15:25 | Construir | House |
| 15:32 | Crear | Villager (Male) |
| 15:55 | Construir | Farm |
| 16:01 | Crear | Battering Ram |
| 16:24 | Crear | Villager (Male) |
| 16:31 | Crear | Battering Ram |
| 16:34 | Construir | House |
| 16:36 | Crear | Villager (Male) |
| 17:04 | Crear | Villager (Male) |
| 17:04 | Crear | Villager (Male) |
| 17:09 | Crear | Battering Ram |
| 17:16 | Construir | House |
| 17:29 | Construir | Farm |
| 17:48 | Construir | Farm |
| 17:57 | Construir | Farm |
| 18:01 | Crear | Villager (Male) |
| 18:01 | Crear | Villager (Male) |
| 18:16 | Construir | Farm |
| 18:23 | Crear | Villager (Male) |
| 18:30 | Construir | Farm |
| 19:02 | Crear | Villager (Male) |
| 19:06 | Construir | Farm |
| 19:28 | Crear | Mangonel |
| 19:40 | Construir | Castle |
| 19:44 | Crear | Villager (Male) |
| 20:02 | Construir | House |
| 20:06 | Crear | Mangonel |
| 20:47 | Crear | Battering Ram |
| 20:56 | Construir | Siege Workshop |
| 20:58 | Investigar | Squires |
| 21:00 | Investigar | Scale Mail Armor |
| 21:01 | Investigar | Forging |
| 21:04 | Investigar | Loom |
| 21:07 | Crear | Villager (Male) |
| 21:07 | Crear | Villager (Male) |
| 21:27 | Construir | House |
| 21:27 | Construir | House |
| 21:30 | Investigar | Horse Collar |
| 21:36 | Construir | Mining Camp |
| 21:39 | Crear | Samurai |
| 21:39 | Crear | Samurai |
| 21:39 | Crear | Samurai |
| 21:40 | Crear | Samurai |
| 21:40 | Crear | Samurai |
| 21:40 | Crear | Samurai |
| 22:00 | Crear | Villager (Male) |
| 22:14 | Crear | Battering Ram |
| 22:19 | Crear | Battering Ram |
| 22:19 | Crear | Battering Ram |
| 22:27 | Crear | Samurai |
| 22:27 | Crear | Samurai |
| 22:27 | Crear | Samurai |
| 22:58 | Crear | Villager (Male) |
| 23:19 | Construir | Stone Wall |
| 23:28 | Crear | Samurai |
| 23:28 | Crear | Samurai |
| 23:53 | Crear | Samurai |
| 24:13 | Crear | Villager (Male) |
| 24:13 | Crear | Villager (Male) |
| 24:33 | Crear | Samurai |
| 24:52 | Crear | Villager (Male) |
| 24:58 | Construir | Farm |
| 25:04 | Construir | Mill |
| 25:05 | Construir | Farm |
| 25:05 | Construir | Farm |
| 25:05 | Construir | Farm |
| 25:05 | Construir | Farm |
| 25:06 | Construir | Farm |
| 25:06 | Construir | Farm |
| 25:06 | Construir | Farm |
| 25:06 | Construir | Farm |
| 25:18 | Crear | Samurai |
| 25:18 | Crear | Samurai |
| 25:27 | Construir | House |
| 25:28 | Construir | House |
| 25:58 | Crear | Battering Ram |
| 25:58 | Crear | Battering Ram |
| 26:00 | Crear | Villager (Male) |
| 26:01 | Crear | Villager (Male) |
| 26:01 | Crear | Villager (Male) |
| 26:18 | Construir | Town Center |
| 26:20 | Crear | Villager (Male) |
| 26:21 | Crear | Villager (Male) |
| 26:29 | Construir | Town Center |
| 26:34 | Crear | Villager (Male) |
| 27:12 | Crear | Villager (Male) |
Build order — LujuriosaPeliroja
Primeras 150 de 214 acciones detectadas
| 0:04 | Crear | Villager (Male) |
| 0:04 | Crear | Villager (Male) |
| 0:05 | Crear | Villager (Male) |
| 0:05 | Construir | House |
| 0:07 | Construir | House |
| 0:11 | Crear | Villager (Male) |
| 0:11 | Crear | Villager (Male) |
| 1:14 | Crear | Villager (Male) |
| 1:14 | Crear | Villager (Male) |
| 1:40 | Crear | Villager (Male) |
| 1:53 | Construir | Lumber Camp |
| 2:06 | Crear | Villager (Male) |
| 2:31 | Crear | Villager (Male) |
| 2:31 | Crear | Villager (Male) |
| 3:09 | Crear | Villager (Male) |
| 3:27 | Crear | Villager (Male) |
| 3:27 | Crear | Villager (Male) |
| 3:35 | Construir | House |
| 3:35 | Construir | House |
| 3:45 | Crear | Villager (Male) |
| 3:45 | Crear | Villager (Male) |
| 4:21 | Crear | Villager (Male) |
| 4:45 | Crear | Villager (Male) |
| 4:48 | Construir | Mill |
| 4:54 | Construir | House |
| 5:10 | Crear | Villager (Male) |
| 5:15 | Crear | Villager (Male) |
| 5:46 | Crear | Villager (Male) |
| 6:27 | Crear | Villager (Male) |
| 6:43 | Crear | Villager (Male) |
| 6:48 | Crear | Villager (Male) |
| 6:52 | Construir | Mining Camp |
| 6:53 | Crear | Villager (Male) |
| 6:55 | Crear | Villager (Male) |
| 7:11 | Crear | Villager (Male) |
| 7:29 | Construir | House |
| 7:39 | Crear | Villager (Male) |
| 7:39 | Crear | Villager (Male) |
| 7:39 | Crear | Villager (Male) |
| 7:54 | Crear | Villager (Male) |
| 8:04 | Investigar | Loom |
| 8:15 | Investigar | Feudal Age |
| 8:37 | Construir | Mill |
| 10:25 | Edad | Edad Feudal |
| 10:35 | Construir | Market |
| 10:47 | Crear | Villager (Male) |
| 11:15 | Investigar | Wheelbarrow |
| 11:18 | Investigar | Loom |
| 11:38 | Construir | Mill |
| 11:42 | Construir | Blacksmith |
| 12:07 | Crear | Villager (Male) |
| 12:26 | Investigar | Castle Age |
| 13:35 | Construir | Barracks |
| 13:57 | Crear | Villager (Male) |
| 14:01 | Construir | House |
| 14:02 | Construir | House |
| 14:32 | Construir | Stable |
| 14:47 | Construir | Farm |
| 14:50 | Construir | Farm |
| 15:12 | Edad | Edad de los Castillos |
| 15:19 | Construir | Siege Workshop |
| 15:43 | Crear | Camel Scout |
| 15:55 | Crear | Armored Elephant |
| 15:56 | Crear | Armored Elephant |
| 16:01 | Crear | Villager (Male) |
| 16:04 | Crear | Camel Scout |
| 16:05 | Crear | Camel Scout |
| 16:10 | Construir | Monastery |
| 16:15 | Construir | Farm |
| 16:21 | Construir | Farm |
| 16:46 | Crear | Camel Scout |
| 16:48 | Crear | Villager (Male) |
| 16:51 | Construir | Farm |
| 16:54 | Construir | Farm |
| 16:54 | Crear | Monk |
| 17:46 | Crear | Villager (Male) |
| 17:49 | Crear | Camel Scout |
| 18:20 | Crear | Armored Elephant |
| 18:22 | Crear | Villager (Male) |
| 18:37 | Construir | House |
| 18:52 | Crear | Villager (Male) |
| 18:56 | Construir | Farm |
| 18:58 | Construir | Town Center |
| 19:16 | Crear | Armored Elephant |
| 19:18 | Crear | Villager (Male) |
| 19:28 | Crear | Villager (Male) |
| 19:28 | Crear | Villager (Male) |
| 19:37 | Construir | Farm |
| 19:37 | Construir | Farm |
| 19:37 | Construir | Farm |
| 19:37 | Construir | Farm |
| 19:38 | Construir | Farm |
| 19:47 | Crear | Villager (Male) |
| 19:47 | Crear | Villager (Male) |
| 20:24 | Crear | Villager (Male) |
| 20:24 | Crear | Villager (Male) |
| 20:24 | Crear | Villager (Male) |
| 20:37 | Crear | Monk |
| 20:39 | Crear | Villager (Male) |
| 20:40 | Crear | Villager (Male) |
| 20:40 | Crear | Villager (Male) |
| 20:44 | Construir | House |
| 20:45 | Construir | House |
| 20:45 | Construir | House |
| 21:08 | Crear | Camel Scout |
| 21:11 | Construir | Farm |
| 21:12 | Construir | Farm |
| 21:12 | Construir | Farm |
| 21:12 | Construir | Farm |
| 21:12 | Construir | Farm |
| 21:15 | Crear | Villager (Male) |
| 21:16 | Crear | Villager (Male) |
| 21:29 | Crear | Villager (Male) |
| 21:29 | Crear | Villager (Male) |
| 21:38 | Crear | Villager (Male) |
| 21:46 | Crear | Villager (Male) |
| 21:46 | Crear | Villager (Male) |
| 21:57 | Construir | House |
| 21:57 | Construir | House |
| 21:57 | Construir | House |
| 21:58 | Construir | House |
| 22:00 | Crear | Villager (Male) |
| 22:00 | Crear | Villager (Male) |
| 22:00 | Crear | Villager (Male) |
| 22:14 | Crear | Villager (Male) |
| 22:14 | Crear | Villager (Male) |
| 22:19 | Crear | Villager (Male) |
| 22:19 | Crear | Villager (Male) |
| 22:32 | Construir | Farm |
| 22:36 | Crear | Villager (Male) |
| 22:36 | Crear | Villager (Male) |
| 22:48 | Crear | Villager (Male) |
| 22:50 | Construir | Farm |
| 22:53 | Construir | Mining Camp |
| 22:57 | Construir | Mining Camp |
| 22:57 | Crear | Villager (Male) |
| 23:00 | Crear | Villager (Male) |
| 23:01 | Crear | Villager (Male) |
| 23:01 | Crear | Villager (Male) |
| 23:22 | Crear | Villager (Male) |
| 23:25 | Crear | Villager (Male) |
| 23:34 | Crear | Villager (Male) |
| 23:34 | Crear | Villager (Male) |
| 23:51 | Crear | Villager (Male) |
| 23:52 | Crear | Villager (Male) |
| 23:52 | Crear | Villager (Male) |
| 24:06 | Crear | Villager (Male) |
| 24:06 | Crear | Villager (Male) |
| 24:21 | Crear | Mangonel |
| 24:21 | Crear | Mangonel |
Build order — BuenaOnda
Primeras 150 de 282 acciones detectadas
| 0:02 | Investigar | Loom |
| 0:03 | Crear | Villager (Male) |
| 0:03 | Crear | Villager (Male) |
| 0:04 | Crear | Villager (Male) |
| 0:04 | Crear | Villager (Male) |
| 0:04 | Crear | Villager (Male) |
| 0:09 | Construir | House |
| 0:12 | Construir | House |
| 1:31 | Crear | Villager (Male) |
| 1:31 | Crear | Villager (Male) |
| 1:56 | Construir | Lumber Camp |
| 2:15 | Crear | Villager (Male) |
| 2:26 | Crear | Villager (Male) |
| 2:46 | Construir | House |
| 2:48 | Construir | House |
| 3:06 | Crear | Villager (Male) |
| 3:07 | Crear | Villager (Male) |
| 3:07 | Crear | Villager (Male) |
| 3:47 | Crear | Villager (Male) |
| 3:47 | Crear | Villager (Male) |
| 4:31 | Crear | Villager (Male) |
| 4:31 | Crear | Villager (Male) |
| 4:31 | Crear | Villager (Male) |
| 4:31 | Crear | Villager (Male) |
| 5:20 | Crear | Villager (Male) |
| 5:21 | Crear | Villager (Male) |
| 5:21 | Crear | Villager (Male) |
| 5:51 | Crear | Villager (Male) |
| 5:52 | Crear | Villager (Male) |
| 6:15 | Construir | Mill |
| 6:31 | Crear | Villager (Male) |
| 6:31 | Crear | Villager (Male) |
| 6:48 | Crear | Villager (Male) |
| 6:49 | Crear | Villager (Male) |
| 6:49 | Crear | Villager (Male) |
| 7:04 | Crear | Villager (Male) |
| 7:04 | Crear | Villager (Male) |
| 7:09 | Construir | Mining Camp |
| 7:52 | Construir | Mill |
| 7:59 | Crear | Villager (Male) |
| 8:32 | Investigar | Feudal Age |
| 9:00 | Crear | Villager (Male) |
| 9:00 | Crear | Villager (Male) |
| 9:11 | Construir | House |
| 11:16 | Edad | Edad Feudal |
| 11:17 | Construir | Market |
| 11:21 | Construir | Blacksmith |
| 11:48 | Construir | Mining Camp |
| 12:07 | Investigar | Castle Age |
| 12:47 | Investigar | Stone Mining |
| 13:05 | Construir | House |
| 13:09 | Construir | House |
| 13:40 | Investigar | Double-Bit Axe |
| 14:12 | Construir | House |
| 14:40 | Construir | House |
| 14:47 | Edad | Edad de los Castillos |
| 14:53 | Crear | Villager (Male) |
| 14:59 | Construir | Town Center |
| 15:29 | Investigar | Horse Collar |
| 15:38 | Crear | Villager (Male) |
| 15:39 | Crear | Villager (Male) |
| 16:08 | Crear | Villager (Male) |
| 16:40 | Construir | Farm |
| 16:41 | Construir | Farm |
| 16:42 | Construir | Farm |
| 16:46 | Construir | Farm |
| 16:51 | Crear | Villager (Male) |
| 16:57 | Construir | Farm |
| 17:04 | Crear | Villager (Male) |
| 17:35 | Construir | Castle |
| 17:48 | Construir | Farm |
| 17:49 | Construir | Farm |
| 17:51 | Construir | Farm |
| 17:53 | Construir | Farm |
| 17:54 | Construir | Farm |
| 17:59 | Construir | Farm |
| 18:00 | Construir | Farm |
| 18:13 | Construir | Farm |
| 18:16 | Crear | Villager (Male) ×3 |
| 18:26 | Construir | Farm |
| 18:42 | Construir | Farm |
| 18:59 | Crear | Villager (Male) |
| 19:16 | Investigar | Horse Collar |
| 19:26 | Construir | Farm |
| 19:32 | Construir | Farm |
| 19:35 | Construir | Farm |
| 19:37 | Crear | Villager (Male) |
| 19:43 | Crear | Villager (Male) |
| 19:43 | Crear | Villager (Male) |
| 20:00 | Construir | Farm |
| 20:03 | Construir | Farm |
| 20:10 | Crear | Villager (Male) |
| 20:12 | Crear | Villager (Male) |
| 20:14 | Construir | Farm |
| 20:29 | Construir | Farm |
| 20:37 | Construir | Farm |
| 20:47 | Construir | Farm |
| 20:53 | Construir | Farm |
| 20:54 | Crear | Villager (Male) ×3 |
| 21:01 | Crear | Mameluke |
| 21:10 | Crear | Villager (Male) |
| 21:31 | Crear | Mameluke |
| 21:34 | Construir | Farm |
| 21:40 | Crear | Villager (Male) |
| 21:40 | Crear | Villager (Male) |
| 21:43 | Crear | Villager (Male) |
| 21:58 | Construir | Town Center |
| 22:02 | Construir | Farm |
| 22:04 | Crear | Villager (Male) |
| 22:23 | Crear | Mameluke |
| 22:41 | Crear | Mameluke |
| 22:44 | Crear | Villager (Male) ×4 |
| 22:49 | Construir | Farm |
| 22:50 | Construir | Farm |
| 22:56 | Crear | Villager (Male) |
| 23:02 | Construir | Farm |
| 23:03 | Construir | Farm |
| 23:10 | Crear | Villager (Male) |
| 23:11 | Crear | Villager (Male) |
| 23:23 | Construir | House |
| 23:24 | Construir | House |
| 23:26 | Construir | House |
| 23:28 | Construir | House |
| 23:31 | Crear | Villager (Male) |
| 23:34 | Crear | Mameluke |
| 23:35 | Crear | Mameluke |
| 23:40 | Crear | Villager (Male) |
| 23:47 | Construir | Farm |
| 23:47 | Construir | Farm |
| 23:48 | Construir | Farm |
| 23:53 | Construir | Farm |
| 23:54 | Construir | Farm |
| 23:58 | Crear | Villager (Male) |
| 23:58 | Crear | Villager (Male) |
| 24:00 | Crear | Mameluke |
| 24:11 | Construir | Farm |
| 24:14 | Construir | Farm |
| 24:17 | Crear | Villager (Male) |
| 24:17 | Crear | Villager (Male) |
| 24:27 | Crear | Villager (Male) |
| 24:27 | Crear | Villager (Male) |
| 24:34 | Construir | Farm |
| 24:37 | Construir | Farm |
| 24:43 | Crear | Villager (Male) |
| 24:46 | Crear | Mameluke |
| 24:55 | Investigar | Scale Barding Armor |
| 24:58 | Crear | Villager (Male) |
| 25:02 | Construir | Farm |
| 25:08 | Crear | Villager (Male) |
| 25:09 | Crear | Villager (Male) |
Build order — LGZ Panclu
Primeras 150 de 324 acciones detectadas
| 0:02 | Crear | Villager (Male) |
| 0:02 | Crear | Villager (Male) |
| 0:03 | Crear | Villager (Male) |
| 0:03 | Crear | Villager (Male) |
| 0:04 | Construir | House |
| 0:06 | Construir | House |
| 1:11 | Crear | Villager (Male) |
| 1:52 | Construir | Lumber Camp |
| 1:56 | Crear | Villager (Male) |
| 2:23 | Crear | Villager (Male) |
| 2:44 | Crear | Villager (Male) |
| 3:00 | Construir | House |
| 3:06 | Crear | Villager (Male) |
| 3:31 | Crear | Villager (Male) |
| 3:55 | Construir | Mill |
| 4:00 | Crear | Villager (Male) |
| 4:19 | Crear | Villager (Male) |
| 4:48 | Construir | House |
| 4:52 | Crear | Villager (Male) |
| 4:56 | Crear | Villager (Male) |
| 4:56 | Crear | Villager (Male) |
| 5:22 | Crear | Villager (Male) |
| 5:54 | Crear | Villager (Male) |
| 5:55 | Crear | Villager (Male) |
| 6:01 | Construir | Lumber Camp |
| 6:29 | Crear | Villager (Male) |
| 6:29 | Crear | Villager (Male) |
| 6:30 | Crear | Villager (Male) |
| 6:55 | Crear | Villager (Male) |
| 7:21 | Crear | Villager (Male) |
| 7:36 | Construir | Mill |
| 7:43 | Crear | Villager (Male) |
| 8:11 | Crear | Villager (Male) |
| 8:26 | Construir | Mining Camp |
| 8:31 | Crear | Villager (Male) |
| 8:34 | Construir | House |
| 8:36 | Construir | House |
| 8:54 | Crear | Villager (Male) |
| 9:25 | Crear | Villager (Male) |
| 9:49 | Crear | Villager (Male) |
| 10:09 | Construir | Mining Camp |
| 10:12 | Crear | Villager (Male) |
| 10:19 | Investigar | Feudal Age |
| 11:14 | Crear | Villager (Male) |
| 11:14 | Crear | Villager (Male) |
| 11:42 | Construir | Farm |
| 11:42 | Construir | Farm |
| 11:43 | Construir | Farm |
| 11:43 | Construir | Farm |
| 11:43 | Construir | Farm |
| 11:43 | Construir | Farm |
| 11:43 | Construir | Farm |
| 11:50 | Construir | Farm |
| 13:06 | Construir | Market |
| 13:08 | Construir | Blacksmith |
| 13:55 | Investigar | Castle Age |
| 14:51 | Construir | House |
| 14:53 | Construir | House |
| 14:54 | Construir | House |
| 14:59 | Construir | House |
| 15:07 | Investigar | Wheelbarrow |
| 15:10 | Investigar | Double-Bit Axe |
| 15:19 | Investigar | Gold Mining |
| 15:19 | Investigar | Stone Mining |
| 16:09 | Crear | Villager (Male) |
| 16:10 | Crear | Villager (Male) |
| 16:25 | Construir | Barracks |
| 16:48 | Crear | Villager (Male) |
| 16:48 | Crear | Villager (Male) |
| 16:59 | Construir | Town Center |
| 17:15 | Crear | Villager (Male) |
| 17:32 | Construir | Town Center |
| 18:01 | Crear | Villager (Male) |
| 18:01 | Crear | Villager (Male) |
| 18:02 | Crear | Villager (Male) |
| 18:02 | Crear | Villager (Male) |
| 18:02 | Crear | Villager (Male) |
| 18:09 | Construir | Farm |
| 18:12 | Construir | Farm |
| 18:22 | Construir | Farm |
| 19:02 | Investigar | Hand Cart |
| 19:09 | Crear | Villager (Male) |
| 19:16 | Construir | Farm |
| 19:19 | Construir | Farm |
| 19:28 | Crear | Villager (Male) |
| 19:28 | Crear | Villager (Male) |
| 19:28 | Crear | Villager (Male) |
| 20:13 | Construir | Farm |
| 20:17 | Construir | Farm |
| 20:20 | Construir | Farm |
| 20:23 | Construir | Farm |
| 20:25 | Crear | Villager (Male) |
| 20:26 | Crear | Villager (Male) |
| 20:26 | Crear | Villager (Male) |
| 20:26 | Crear | Villager (Male) |
| 20:51 | Construir | Castle |
| 20:55 | Construir | Mining Camp |
| 21:16 | Crear | Villager (Male) |
| 21:17 | Crear | Villager (Male) |
| 21:17 | Crear | Villager (Male) |
| 21:17 | Crear | Villager (Male) |
| 21:18 | Crear | Villager (Male) |
| 21:18 | Crear | Villager (Male) |
| 21:31 | Construir | Stable |
| 21:31 | Construir | Stable |
| 21:32 | Construir | Stable |
| 21:43 | Crear | Villager (Male) |
| 21:43 | Crear | Villager (Male) |
| 21:43 | Crear | Villager (Male) |
| 21:53 | Construir | Town Center |
| 22:00 | Crear | Villager (Male) |
| 22:00 | Crear | Villager (Male) |
| 22:00 | Crear | Villager (Male) |
| 22:00 | Crear | Villager (Male) |
| 22:08 | Investigar | Bow Saw |
| 22:12 | Investigar | Stone Mining |
| 22:24 | Crear | Villager (Male) |
| 22:25 | Crear | Villager (Male) |
| 22:34 | Construir | Farm |
| 22:34 | Construir | Farm |
| 22:35 | Construir | Farm |
| 22:35 | Construir | Farm |
| 22:35 | Construir | Farm |
| 22:43 | Crear | Villager (Male) |
| 22:43 | Crear | Villager (Male) |
| 23:02 | Construir | Mining Camp |
| 23:08 | Crear | Villager (Male) |
| 23:13 | Crear | Villager (Male) |
| 23:13 | Crear | Villager (Male) |
| 23:13 | Crear | Villager (Male) |
| 23:14 | Crear | Villager (Male) |
| 23:14 | Crear | Villager (Male) |
| 23:20 | Construir | Farm |
| 23:20 | Construir | Farm |
| 23:20 | Construir | Farm |
| 23:20 | Construir | Farm |
| 23:53 | Crear | Villager (Male) |
| 23:53 | Crear | Villager (Male) |
| 23:53 | Crear | Villager (Male) |
| 23:53 | Crear | Villager (Male) |
| 23:54 | Crear | Villager (Male) |
| 23:54 | Crear | Villager (Male) |
| 24:30 | Construir | Town Center |
| 24:31 | Construir | Farm |
| 24:32 | Construir | Farm |
| 24:32 | Construir | Farm |
| 24:32 | Construir | Farm |
| 24:32 | Construir | Farm |
| 24:44 | Construir | Farm |
| 24:44 | Construir | Farm |
Cronología de la partida
| 7:11 | Hasper · wall_segment Palisade Wall x1 |
| 7:12 | Hasper · wall_segment Palisade Wall x1 |
| 7:30 | Hasper · wall_segment Palisade Wall x1 |
| 10:08 | SINAPODO · age_up feudal |
| 10:25 | LujuriosaPeliroja · age_up feudal |
| 10:32 | CTM | EnanaAtomica · age_up feudal |
| 11:03 | Hasper · age_up feudal |
| 11:16 | BuenaOnda · age_up feudal |
| 11:26 | Araco33 · age_up feudal |
| 11:56 | 我有低保我先上 · age_up feudal |
| 12:40 | Hasper · first_building Barracks |
| 13:22 | CTM | EnanaAtomica · first_building Barracks |
| 13:35 | LujuriosaPeliroja · first_building Barracks |
| 14:02 | CTM | EnanaAtomica · age_up castle |
| 14:27 | CTM | EnanaAtomica · first_building Stable |
| 14:32 | LujuriosaPeliroja · first_building Stable |
| 14:35 | Hasper · age_up castle |
| 14:41 | Hasper · first_building Siege Workshop |
| 14:47 | BuenaOnda · age_up castle |
| 14:58 | Araco33 · age_up castle |
| 15:12 | LujuriosaPeliroja · age_up castle |
| 15:19 | LujuriosaPeliroja · first_building Siege Workshop |
| 15:38 | 我有低保我先上 · first_building Barracks |
| 15:38 | SINAPODO · first_market_buy 100 food |
| 15:41 | SINAPODO · first_market_sell 100 wood |
| 16:10 | LujuriosaPeliroja · first_building Monastery |
| 16:17 | CTM | EnanaAtomica · first_market_buy 100 food |
| 16:24 | 我有低保我先上 · age_up castle |
| 16:25 | LGZ Panclu · first_building Barracks |
| 16:37 | Araco33 · first_building Barracks |
| 16:52 | LGZ Panclu · first_market_buy 100 wood |
| 17:35 | BuenaOnda · first_building Castle |
| 18:08 | 我有低保我先上 · first_building Stable |
| 18:19 | LGZ Panclu · first_market_sell 100 food |
| 18:49 | CTM | EnanaAtomica · first_building Archery Range |
| 18:58 | SINAPODO · age_up castle |
| 19:02 | SINAPODO · first_building Castle |
| 19:14 | LujuriosaPeliroja · first_market_sell 100 wood |
| 19:15 | LujuriosaPeliroja · first_market_buy 100 food |
| 19:40 | Hasper · first_building Castle |
| 20:45 | Araco33 · first_building Castle |
| 20:51 | LGZ Panclu · first_building Castle |
| 21:11 | Araco33 · first_building Stable |
| 21:14 | SINAPODO · first_building Barracks |
| 21:31 | LGZ Panclu · first_building Stable |
| 21:54 | CTM | EnanaAtomica · first_building Siege Workshop |
| 23:19 | Hasper · wall_segment Stone Wall x6 |
| 27:08 | Araco33 · wall_segment Stone Wall x1 |
| 27:13 | CTM | EnanaAtomica · first_building Monastery |
| 27:35 | 我有低保我先上 · first_building Archery Range |
| 27:55 | BuenaOnda · first_building Barracks |
| 28:04 | Araco33 · first_building Siege Workshop |
| 28:38 | Hasper · first_market_buy 100 wood |
| 29:00 | 我有低保我先上 · first_market_buy 100 wood |
| 29:33 | Hasper · first_market_sell 100 stone |
| 29:33 | LGZ Panclu · wall_segment Stone Wall x32 |
| 30:00 | CTM | EnanaAtomica · first_building Castle |
| 30:06 | Araco33 · age_up imperial |
| 30:28 | Araco33 · first_market_buy 100 wood |
| 30:32 | BuenaOnda · first_building Stable |
| 30:38 | Araco33 · first_market_sell 100 food |
| 31:00 | Hasper · first_building Monastery |
| 31:21 | CTM | EnanaAtomica · age_up imperial |
| 32:22 | 我有低保我先上 · first_market_sell 500 stone |
| 32:22 | BuenaOnda · age_up imperial |
| 33:26 | Hasper · age_up imperial |
| 34:39 | CTM | EnanaAtomica · first_market_sell 100 food |
| 37:13 | 我有低保我先上 · first_building Monastery |
| 37:44 | 我有低保我先上 · first_building Castle |
| 38:08 | SINAPODO · age_up imperial |
| 38:20 | LujuriosaPeliroja · resign |
| 41:05 | 我有低保我先上 · age_up imperial |
[ ANÁLISIS IA · 1 CRÉDITO ]
¿Qué pasó realmente en esta partida?
Wolo.gg analiza cada decisión: build order, eco, micro, errores típicos por bracket. Análisis personalizado por WhatsApp o Discord en 30 segundos.
Guía civ
Turcos
Guía mapa
Arena
Perfil
Jugador #9724074